 Dungeon Crawl Stone Soup version 0.27-a0-96-gb51a1d6fd6 (webtiles) character file.

Game seed: 5676526144400112088

33465 Theblade12 the Thrower (level 13, -4/90 HPs)
             Began as an Octopode Fighter on Jan 19, 2021.
             Was an Initiate of Gozag.
             Slain by a red ugly thing (22 damage)
             ... summoned by a glowing orange brain
             ... on level 14 of the Dungeon on Jan 20, 2021.
             The game lasted 01:11:06 (13349 turns).

Theblade12 the Thrower (Octopode Fighter)          Turns: 13349, Time: 01:11:10

Health: -4/90      AC:  6    Str: 17    XL:     13   Next: 71%
Magic:  13/13      EV: 18    Int: 14    God:    Gozag
Gold:   349        SH: 13    Dex: 15    Spells: 12/12 levels left

rFire    . . .     SeeInvis +   H - +10 zealot's sword {holy, *Rage rN+ EV+3}
rCold    + . .     Faith    .   b - +2 kite shield
rNeg     + + .     Spirit   .   t - +1 hat
rPois    +         Reflect  .   d - amulet of regeneration
rElec    .         Harm     .   s - ring of see invisible
rCorr    +         Rampage  .   r - ring of positive energy
Will     +....     Rnd*Rage +   S - ring of ice
Stlth    +++.......             F - +4 ring of protection
HPRegen  0.65/turn              y - ring "Yfequfam" {Wiz rF+ Int+4}
MPRegen  0.13/turn              R - ring of resist corrosion
                                Q - ring of poison resistance (curse)
                                G - ring of willpower

@: gold aura, hasted, very quick
A: almost no armour, stealthy swim, amphibious, 8 rings, constrict 8, camouflage
1, gelatinous body 1
a: Renounce Religion, Potion Petition, Call Merchant, Bribe Branch


You were on level 14 of the Dungeon.
You worshipped Gozag.
Gozag was aware of your devotion.
You visited 2 branches of the dungeon, and saw 15 of its levels.

You collected 3086 gold pieces.
You spent 708 gold pieces at shops.
You paid 2029 gold pieces to Gozag.

Inventory:

Hand Weapons
 a - a +0 rapier
 x - a +2 short sword of freezing
 H - the +10 zealot's sword (weapon) {holy, *Rage rN+ EV+3}
   (You found it on level 7 of the Dungeon)

   It has been blessed by the Shining One to cause great damage to the undead
   and demons.
   It affects your evasion (+3).
   It protects you from negative energy.
   It may make you go berserk in combat.
Missiles
 o - 5 throwing nets (quivered)
 E - 14 javelins
Armour
 b - a +2 kite shield (worn)
 t - a +1 hat (worn)
Jewellery
 d - an amulet of regeneration (around mantle)
 r - a ring of positive energy (right tentacle)
 s - a ring of see invisible (left tentacle)
 y - the ring "Yfequfam" (on tentacle) {Wiz rF+ Int+4}
   (You found it on level 10 of the Dungeon)

   [ring of wizardry]

   It improves your spell success rate.
   It affects your intelligence (+4).
   It protects you from fire.
 A - an uncursed ring of wizardry
 F - a +4 ring of protection (on tentacle)
 G - a ring of willpower (on tentacle)
 N - an uncursed ring of fire
 Q - a cursed ring of poison resistance (on tentacle)
 R - a ring of resist corrosion (on tentacle)
 S - a ring of ice (on tentacle)
Wands
 C - a wand of polymorph (20)
 I - a wand of disintegration (12)
 L - a wand of enslavement (6)
 O - a wand of flame (15)
Scrolls
 h - 5 scrolls of fear
 j - 5 scrolls of teleportation
 k - 5 scrolls of remove curse
 n - 3 scrolls of amnesia
 q - a scroll of immolation
 u - 2 scrolls of magic mapping
 v - a scroll of blinking
 z - 3 scrolls of enchant weapon
 J - a scroll of torment
 K - a scroll of fog
 W - a scroll of holy word {unknown}
 Y - 2 scrolls of brand weapon
Potions
 c - a potion of lignification
 e - 2 potions of resistance
 f - 2 potions of curing
 i - 2 potions of magic
 l - 3 potions of brilliance
 m - 5 potions of flight {unknown}
 p - 4 potions of degeneration {unknown}
 w - a potion of heal wounds {unknown}
 B - a potion of berserk rage {unknown}
 D - 4 potions of attraction {unknown}
 U - 2 potions of cancellation {unknown}
 X - a potion of invisibility {unknown}
Miscellaneous
 M - a phantom mirror (inert)
 T - a phial of floods
 V - a box of beasts


   Skills:
 * Level 9.6 Fighting
 - Level 9.0(10.1) Short Blades
 - Level 7.3(9.3) Long Blades
 - Level 13.7 Throwing
 - Level 6.0 Dodging
 - Level 3.1 Stealth
 - Level 9.0 Shields
 - Level 5.6 Evocations


You had 12 spell levels left.
You didn't know any spells.
Your spell library contained the following spells:

 Spells                   Type           Power        Failure   Level
 Apportation              Tloc           0%           24%         1
 Beastly Appendage        Tmut           0%           24%         1
 Corona                   Hex            0%           24%         1
 Foxfire                  Conj/Fire      0%           24%         1
 Magic Dart               Conj           0%           24%         1
 Blink                    Tloc           N/A          34%         2
 Call Imp                 Summ           0%           34%         2
 Ensorcelled Hibernation  Hex/Ice        0%           34%         2
 Slow                     Hex            0%           34%         2
 Wereblood                Tmut           0%           34%         2
 Confusing Touch          Hex            0%           56%         3
 Conjure Flame            Conj/Fire      0%           56%         3
 Dazzling Flash           Conj/Hex       0%           56%         3
 Inner Flame              Hex/Fire       0%           56%         3
 Lesser Beckoning         Tloc           0%           56%         3
 Mephitic Cloud           Conj/Pois/Air  0%           56%         3
 Spider Form              Tmut/Pois      0%           56%         3
 Stone Arrow              Conj/Erth      0%           56%         3
 Tukima's Dance           Hex            0%           56%         3
 Ice Form                 Ice/Tmut       0%           91%         4
 Sticky Flame             Conj/Fire      0%           91%         4
 Alistair's Intoxication  Tmut/Pois      0%           99%         5
 Blade Hands              Tmut           0%           99%         5
 Bolt of Magma            Conj/Fire/Erth 0%           99%         5
 Fireball                 Conj/Fire      0%           99%         5
 Irradiate                Conj/Tmut      0%           99%         5
 Eringya's Noxious Bog    Tmut/Pois      0%           100%        6
 Invisibility             Hex            0%           100%        6


Dungeon Overview and Level Annotations

Branches:
Dungeon (14/15)            Temple (1/1) D:6            Lair (0/6) D:8
    Orc (0/2) D:9          Vaults (0/5) D:13

Altars:
Ashenzari
Cheibriados
Dithmenos
Elyvilon
Fedhas
Gozag
Hepliaklqana
Kikubaaqudgha
Makhleb
Nemelex Xobeh
Okawaru
Qazlal
Ru
Sif Muna
Trog
Uskayaw
Vehumet
Wu Jian
Xom
Yredelemnul
Zin
The Shining One

Shops:
D:6 [*   D:10 :*   D:11 *   D:12 !   D:13 [


Innate Abilities, Weirdness & Mutations

You cannot wear most types of armour.
You are very stealthy in the water. (Stealth+)
You are amphibious.
You can wear up to eight rings at the same time.
You can use your tentacles to constrict eight enemies at once.
Your skin changes colour to match your surroundings (Stealth+).
Your rubbery body absorbs attacks. (AC +1, EV +1)


Message History

You feel better.
The brown ugly thing is no longer distracted by gold.
You block the cyan very ugly thing's attack.
Your cyan very ugly thing punches the cyan ugly thing.
Your cyan very ugly thing shocks the cyan ugly thing.
The cyan ugly thing resists.
The cyan ugly thing is no longer distracted by gold.
You feel yourself speed up.
The brown ugly thing becomes distracted by the nearby gold, dreaming of imaginary riches.
The cyan very ugly thing punches you! The cyan very ugly thing shocks you!!
* * * LOW HITPOINT WARNING * * *
Your cyan very ugly thing barely misses the red very ugly thing.
Blink to where?
Press: ? - help, Dir - move target, p - cyan very ugly thing
As you read the scroll of blinking, it crumbles to dust.
The red ugly thing pecks you.
* * * LOW HITPOINT WARNING * * *
You are engulfed in flames!!
You die...
Your body crumbles into a pile of gold.

### ##+#...#.........
#§## ###+#...#.........
##u##
#.......#.........
##u##
#.......#.........
##u###.......+.........
##u##.......#.........
##u#..9.#............
##u#G..#.#..........
#u@u....#..........
###'''###..........
#..!....#..........
#.#...#.#..........
#!..#...#.########.
#!#..!#§#....### ##
##.#.#.##......#
§#§..#.####.#.#
#....#.#


You could see 2 very ugly things, 5 ugly things, a glowing orange brain, a
gargoyle (summoned, wandering) and a friendly cyan very ugly thing (summoned,
drained).

Vanquished Creatures
  Rupert (D:12)
  Frances (D:12)
  A fire giant (D:12)
  Azrael (D:12)
  A hydra (D:12)
  A centaur warrior (D:12)
  A two-headed ogre (D:11)
  Urug (D:13)
  2 unseen horrors
  Pikel (D:8)
  2 deep elf magi (D:13)
  9 ugly things
  A cyclops (D:11)
  Maurice (D:11)
  Joseph (D:7)
  Psyche (D:11)
  A gargoyle (D:11)
  A kobold demonologist (D:11)
  An efreet (D:14)
  A tengu conjurer (D:13)
  6 trolls
  A hornet (D:12)
  17 slime creatures (D:14)
  A centaur simulacrum (D:14)
  Sigmund (D:4)
  Eustachio (D:4)
  7 yaks
  3 wraiths
  2 wyverns
  2 vampires
  16 humans
  2 fire elementals (D:12)
  A steam dragon (D:9)
  3 vampire mosquitoes (D:14)
  2 acid dragons (D:13)
  A soldier ant (D:14)
  Duvessa (D:4)
  3 hell hounds (D:12)
  A water moccasin (D:7)
  A black bear (D:9)
  4 sky beasts
  3 orc warriors
  An eye of draining (D:13)
  3 ogres
  An ice beast (D:8)
  2 lemures (D:8)
  12 centaurs
  16 big kobolds
  9 bullfrogs
  A wyvern zombie (D:6)
  Dowan (D:4)
  3 scorpions
  8 killer bees
  An electric eel (D:11)
  6 wights
  3 jellies
  2 bullfrog zombies
  3 centaur skeletons
  A centaur zombie (D:11)
  11 hounds
  4 orc priests
  A gnoll shaman (D:10)
  8 orc wizards
  A bullfrog skeleton (D:8)
  2 iguanas
  Natasha (thrice) (D:4)
  10 worker ants
  A bullfrog simulacrum (D:13)
  A hound skeleton (D:5)
  9 gnolls
  15 adders
  5 shadow imps
  A white imp (D:10)
  3 adder skeletons
  2 worms (D:3)
  2 dart slugs
  A leopard gecko (D:5)
  41 orcs
  2 ball pythons
  10 bats
  9 giant cockroaches
  6 goblins
  5 hobgoblins
  2 jackals (D:6)
  48 kobolds
  4 quokkas
  5 frilled lizards
  8 kobold skeletons (D:11)
  10 kobold zombies (D:11)
  A quokka skeleton (D:5)
  3 rats
416 creatures vanquished.

Vanquished Creatures (others)
  3 fungi (D:8)
  8 plants
11 creatures vanquished.

Grand Total: 427 creatures vanquished

Notes
Turn   | Place    | Note
-------+----------+-------------------------------------------
     0 | D:1      | Theblade12 the Octopode Fighter began the quest for the
                  | Orb.
     0 | D:1      | Reached XP level 1. HP: 16/16 MP: 1/1
    95 | D:1      | Reached skill level 1 in Stealth
   241 | D:1      | Reached XP level 2. HP: 21/21 MP: 2/2
   600 | D:2      | Reached XP level 3. HP: 26/26 MP: 3/3
   810 | D:2      | Reached XP level 4. HP: 22/31 MP: 4/4
   880 | D:2      | Found a bloodstained altar of Trog.
   913 | D:2      | Found a hide-covered altar of Uskayaw.
  1197 | D:3      | Reached XP level 5. HP: 36/36 MP: 5/5
  1352 | D:3      | Found a hazy altar of Hepliaklqana.
  1869 | D:4      | Noticed Duvessa
  1904 | D:4      | Noticed Sigmund
  1908 | D:4      | Killed Sigmund
  1909 | D:4      | Reached XP level 6. HP: 29/42 MP: 6/6
  1952 | D:4      | Found a shimmering altar of Xom.
  1963 | D:4      | Found a basalt altar of Yredelemnul.
  1984 | D:4      | Noticed Dowan
  1991 | D:4      | Killed Duvessa
  1995 | D:4      | Killed Dowan
  1996 | D:4      | Reached XP level 7. HP: 24/46 MP: 7/7
  2095 | D:4      | Found a glowing golden altar of the Shining One.
  2243 | D:4      | Noticed Natasha
  2249 | D:4      | Killed Natasha
  2325 | D:4      | Noticed Natasha
  2331 | D:4      | Killed Natasha
  2334 | D:4      | Noticed Eustachio
  2351 | D:4      | Noticed Natasha
  2355 | D:4      | Killed Eustachio
  2358 | D:4      | Killed Natasha
  2477 | D:5      | Entered Level 5 of the Dungeon
  2509 | D:5      | Reached XP level 8. HP: 33/52 MP: 8/8
  2822 | D:5      | Reached skill level 5 in Fighting
  3252 | D:6      | Found Vist's Antique Armour Shop.
  3486 | D:6      | Found Zin's Purification Station.
  3492 | D:6      | Found a glowing silver altar of Zin.
  3537 | D:6      | Found a white marble altar of Elyvilon.
  3544 | D:6      | Found a staircase to the Ecumenical Temple.
  3569 | D:7      | Noticed a vampire
  3688 | D:7      | Killed a vampire
  3689 | D:7      | Reached XP level 9. HP: 59/64 MP: 9/9
  3707 | D:7      | Noticed Joseph
  3728 | D:7      | Killed Joseph
  3943 | Temple   | Entered the Ecumenical Temple
  3966 | Temple   | Became a worshipper of Gozag Ym Sagoz the Greedy
  4439 | D:6      | Found a burning altar of Makhleb.
  4465 | D:6      | Found an ornate altar of the Wu Jian Council.
  4477 | D:6      | Found an ancient bone altar of Kikubaaqudgha.
  4969 | D:7      | Found the +10 zealot's sword {holy, *Rage rN+ EV+3}
  5230 | D:8      | Reached skill level 1 in Long Blades
  5391 | D:8      | Found a staircase to the Lair.
  6145 | D:9      | Reached skill level 5 in Long Blades
  6156 | D:9      | Reached XP level 10. HP: 73/73 MP: 10/10
  6214 | D:9      | Noticed Pikel
  6266 | D:8      | Killed Pikel
  6653 | D:9      | Found a staircase to the Orcish Mines.
  6719 | D:9      | Reached skill level 5 in Dodging
  6835 | D:9      | Found a sacrificial altar of Ru.
  6984 | D:10     | Entered Level 10 of the Dungeon
  7074 | D:10     | Got a brightly glowing amber ring
  7088 | D:10     | Identified the ring "Yfequfam" {Wiz rF+ Int+4} (You found
                  | it on level 10 of the Dungeon)
  7525 | D:10     | Found Xuomo's Book Emporium.
  7660 | D:10     | Reached skill level 5 in Shields
  7915 | D:11     | Noticed Psyche
  7916 | D:11     | Noticed a gargoyle
  7925 | D:11     | Killed Psyche
  7932 | D:11     | Killed a gargoyle
  8043 | D:11     | Reached XP level 11. HP: 78/78 MP: 11/11
  8047 | D:11     | Noticed a cyclops
  8053 | D:11     | Killed a cyclops
  8253 | D:11     | Found a bloodstained altar of Trog.
  8351 | D:11     | Noticed Maurice
  8361 | D:11     | Killed Maurice
  8448 | D:11     | Found a shimmering blue altar of Sif Muna.
  8514 | D:11     | Found an ancient bone altar of Kikubaaqudgha.
  8523 | D:11     | Noticed a sun demon
  8577 | D:11     | Bought a scroll of identify for 54 gold pieces
  8577 | D:11     | Bought a scroll of identify for 54 gold pieces
  8749 | D:11     | Noticed a two-headed ogre
  8757 | D:11     | Killed a two-headed ogre
  8758 | D:11     | Reached skill level 5 in Evocations
  8999 | D:11     | Reached skill level 1 in Throwing
  9066 | D:12     | Found Vymaet's Distillery.
  9180 | D:12     | Reached skill level 2 in Throwing
  9264 | D:12     | Noticed Frances
  9528 | D:12     | Reached skill level 3 in Throwing
  9558 | D:12     | Noticed Azrael
  9657 | D:12     | Noticed a soul eater
  9657 | D:12     | Killed Frances
  9658 | D:12     | Reached skill level 5 in Throwing
  9773 | D:12     | Killed Azrael
  9774 | D:12     | Reached skill level 6 in Throwing
  9774 | D:12     | Reached XP level 12. HP: 76/84 MP: 12/12
  9863 | D:12     | Reached skill level 7 in Throwing
  9886 | D:12     | Noticed a fire giant
  9895 | D:12     | Killed a fire giant
  9984 | D:12     | Noticed a five-headed hydra
  9989 | D:12     | Killed a five-headed hydra
  9990 | D:12     | Reached skill level 8 in Throwing
 10029 | D:13     | Found a gate to the Vaults.
 10029 | D:13     | Noticed Rupert
 10029 | D:13     | Noticed a centaur warrior
 10029 | D:13     | Noticed Urug
 10055 | D:13     | Identified the Papyrus of Earthen Transmutation
 10079 | D:13     | Paralysed by Rupert for 2 turns
 10212 | D:12     | Paralysed by Rupert for 3 turns
 10223 | D:12     | Killed Rupert
 10224 | D:12     | Reached skill level 9 in Throwing
 10363 | D:13     | Reached skill level 10 in Throwing
 10492 | D:12     | Killed a centaur warrior
 10644 | D:13     | Killed Urug
 10645 | D:13     | Reached skill level 11 in Throwing
 10806 | D:13     | Reached XP level 13. HP: 56/89 MP: 13/13
 11226 | D:13     | Reached skill level 12 in Throwing
 12054 | D:10     | Bought a box of beasts for 600 gold pieces
 12292 | D:14     | Reached skill level 13 in Throwing
 13188 | D:14     | Found a runed translucent gate.
 13188 | D:14     | Found a runed translucent gate.
 13188 | D:14     | Found a runed translucent gate.
 13205 | D:14     | Noticed a brown very ugly thing
 13207 | D:14     | Noticed a purple very ugly thing
 13349 | D:14     | Slain by a red ugly thing

Illustrated notes

Levels and vault maps discovered:
D:1:      grunt_arrival_lava_bath, layout_loops_cross
D:2:      layout_rooms, lemuel_round_altar, overflow_temple_1_default,
          minmay_misc_feat_four_crosses
D:3:      layout_basic, nzn_hepliaklqana_mist_gate, minmay_misc_feat_cross
D:4:      layout_cave_pools, chequers_temple_overflow_statue_of_worship,
          nicolae_overflow_hidden_temple, uniq_eustachio, uniq_natasha,
          uniq_duvessa, uniq_sigmund
D:5:      layout_loops_ring
D:6:      layout_layer_cave, zin_purify, nicolae_overflow_quartered_altars,
          minmay_temple_entry_from_below_a, serial_shops,
          nicolae_shop_waterfront
D:7:      layout_basic, minmay_misc_feat_secret_circle,
          hangedman_abyss_or_decor_stagger, chequers_serial_rivers_micro_e,
          uniq_joseph
D:8:      layout_cave_pods, dpeg_oklobed_lair
D:9:      layout_long_grid, nicolae_ru_path_of_blood, orc_0_dummy, uniq_pikel
D:10:     layout_loops_corners, serial_shops, nicolae_shop_waterfront,
          small_chamber_with_monster
D:11:     wander_kiku_kobolds, layout_cave_pools, serial_column_ruins,
          column_ruins_hut, column_ruins_temple_circle,
          column_ruins_columns_straight, column_ruins_columns_dead_end,
          column_ruins_grid_3, column_ruins_open_tiny, column_ruins_open_tiny,
          serial_bayou_lagoon_a, hangedman_decor_push, lemuel_blue_sif_altar,
          uniq_psyche, uniq_maurice
D:12:     layout_rooms, serial_shops, shop, minmay_three_doors, uniq_frances,
          uniq_azrael
D:13:     layout_cave_pods, david_vaults_3, minmay_puff
D:14:     layout_basic, ploomutoo_gammafunk_ghost_potion_laboratory,
          serial_bayou_pond_e, serial_aquarium, aquarium_bridge_square
          [aquarium_subvault_bridge, aquarium_subvault_balcony,
          aquarium_subvault_wall, aquarium_subvault_window],
          aquarium_bridge_long_separate [aquarium_subvault_wall,
          aquarium_subvault_bridge, aquarium_subvault_wall,
          aquarium_subvault_window, aquarium_subvault_wall,
          aquarium_subvault_bridge], aquarium_window_1, aquarium_window_2,
          aquarium_view_2g, aquarium_balcony_5b, aquarium_pool_corner
Temple:   cyrus_temple_forest

Skill      XL: |  1  2  3  4  5  6  7  8  9 10 11 12 13 |
---------------+----------------------------------------+-----
Stealth        | 2 3 |  3.1
Short Blades   | 3 4 6 7 8 9 |  9.0
Fighting       | 7 8 9 |  9.6
Dodging        | 4 6 |  6.0
Long Blades    | 5 7 |  7.3
Shields        | 6 9 |  9.0
Evocations     | 5 |  5.6
Throwing       | 6 11 13 | 13.7

Action                   |  1- 3 |  4- 6 |  7- 9 | 10-12 | 13-15 || total
-------------------------+-------+-------+-------+-------+-------++-------
Melee: Rapier            |    51 |    83 |     5 |       |       ||   139
       Constrict         |    13 |    20 |    48 |    80 |    22 ||   183
       Tentacles         |     3 |    10 |    47 |    95 |    56 ||   211
       Short sword       |       |       |   149 |       |       ||   149
       Eudemon blade     |       |       |    45 |   407 |   175 ||   627
Invok: Call Merchant     |       |       |       |     2 |     1 ||     3
Evoke: Wand              |       |       |       |    11 |     5 ||    16
       Phantom mirror    |       |       |       |     1 |     1 ||     2
  Use: Scroll            |     2 |     2 |     6 |    12 |     6 ||    28
       Potion            |       |     2 |     1 |     7 |     2 ||    12
 Stab: Sleeping          |    15 |     5 |    11 |    12 |     3 ||    46
       Distracted        |       |       |       |     2 |       ||     2
Armor: Skin              |     2 |     9 |    11 |    33 |    10 ||    65
Dodge: Dodged            |    18 |    26 |    70 |   193 |    47 ||   354
Block: Kite shield       |    12 |    39 |    56 |   203 |    63 ||   373
       Rpst.: Eudemon blade |       |       |     9 |    50 |    13 ||    72

Table legend: (Time is in decaauts)
 A = Elapsed time spent in this place.
 B = Non-inter-level travel time spent in this place.
 C = Inter-level travel time spent in this place.
 D = Time resting spent in this place.
 E = Time spent auto-exploring this place.
 F = Levels seen in this place.
 G = Mean time per level.
                   A        B        C        D        E       F      G
               +--------+--------+--------+--------+--------+-----+--------+
         Total |  13399 |  12646 |    753 |   2084 |   6477 |  15 |  893.3 |
       Dungeon |  13317 |  12589 |    728 |   2084 |   6436 |  14 |  951.2 |
        Temple |     82 |     57 |     25 |      0 |     41 |   1 |   82.0 |
               +--------+--------+--------+--------+--------+-----+--------+

Top non-repeatable levels by time:
    D:11: 1533 daAuts
    D:13: 1449 daAuts
    D:14: 1235 daAuts
    D:12: 1233 daAuts
     D:6: 1153 daAuts
     D:8: 1001 daAuts
    D:10: 963 daAuts
     D:9: 799 daAuts
     D:5: 757 daAuts
     D:3: 753 daAuts
     D:7: 704 daAuts
     D:1: 593 daAuts
     D:4: 571 daAuts
     D:2: 567 daAuts
  Temple: 82 daAuts
